[Event "Titled Tuesday Blitz August 16 Early 2022"]
[White "Rose, Felix"]
[Black "Khusenkhojaev, Muhammad"]
[WhiteFideId "5105722"]
[BlackFideId "14700247"]
[WhiteElo "2039"]
[BlackElo "2180"]
[Result "0-1"]
[Round "02"]
[TimeControl "180+2"]
[Date "2022.08.18"]
[WhiteClock "0:00:00"]
[BlackClock "0:00:00"]

1. e4 e6 2. d4 d5 3. Nc3 Nf6 4. e5 Nfd7 5. f4 c5 6. Nf3 Nc6 7. Be3 a6 8. Qd2 b5 9. dxc5 Bxc5 10. Bd3 Qb6 11. Bf2 O-O 12. O-O h6 13. Bxc5 Nxc5 14. Qf2 b4 15. Ne2 a5 16. Ned4 Ba6 17. Bxa6 Rxa6 18. Nxc6 Qxc6 19. Nd4 Qc7 20. Rae1 Ne4 21. Qe3 a4 22. h3 a3 23. b3 Ra5 24. Rf3 Rc5 25. Kh2 Rc3 26. Qe2 Qc5 27. Rd3 Rxd3 28. Qxd3 Qc3 29. Qxc3 Nxc3 30. Ra1 Rc8 31. Kg3 g5 32. fxg5 hxg5 33. Kg4 Ne4 34. Rf1 Kg7 35. Ra1 Kg6 36. Kf3 Rc3+ 37. Ke2 f6 38. exf6 e5 39. Nf3 Rxc2+ 40. Kd1 Rxg2 41. Nxe5+ Kxf6 42. Ng4+ Ke6 43. Rc1 Nc3+ 44. Ke1 Rxa2 45. Kf1 Rb2 46. Re1+ Kd6 47. Ne3 a2 48. Nf5+ Kc5 0-1


[Site "https://www.chess.com"]

[Event "Titled Tuesday Blitz August 16 Early 2022"]
[White "Rostovtsev, Dmitry"]
[Black "Leschinsky, Gary"]
[WhiteFideId "34278320"]
[BlackFideId "30951321"]
[WhiteElo "2295"]
[BlackElo "1809"]
[Result "1-0"]
[Round "02"]
[TimeControl "180+2"]
[Date "2022.08.18"]
[WhiteClock "0:00:00"]
[BlackClock "0:00:00"]

1. e4 c5 2. Nf3 e6 3. c3 Nf6 4. Bd3 Nc6 5. Bc2 d5 6. e5 Nd7 7. d4 b6 8. O-O Ba6 9. Re1 cxd4 10. cxd4 Nb4 11. Nc3 Nxc2 12. Qxc2 Be7 13. h4 O-O 14. Ng5 g6 15. Qd1 b5 16. a3 Rc8 17. Qg4 Rc4 18. h5 Qb6 19. Nf3 Rfc8 20. hxg6 hxg6 21. Nxd5 exd5 22. Qxd7 R8c7 23. Qh3 Bc8 24. Qg3 Bf5 25. Bg5 Bxg5 26. Qxg5 Be4 27. Qh6 Bxf3 28. gxf3 R7c6 29. Kg2 Qxd4 30. Rh1 Qxe5 31. Rae1 1-0


[Site "https://www.chess.com"]

[Event "Titled Tuesday Blitz August 16 Early 2022"]
[White "Salem, A.R. Saleh"]
[Black "Senthil Maran K"]
[WhiteFideId "9301348"]
[BlackFideId "25035681"]
[WhiteElo "2674"]
[BlackElo "2124"]
[Result "1-0"]
[Round "02"]
[TimeControl "180+1"]
[Date "2022.08.16"]
[WhiteClock "0:01:24"]
[BlackClock "0:00:26"]

1. d4 Nf6 2. c4 e6 3. Nc3 Bb4 4. a3 Bxc3+ 5. bxc3 d6 6. f3 Nc6 7. e4 O-O 8. Bd3 b6 9. Ne2 Ba6 10. Bg5 Na5 11. O-O e5 12. f4 h6 13. fxe5 hxg5 14. exf6 gxf6 15. Ng3 Bxc4 16. Nh5 Bxd3 17. Qxd3 Qe7 18. e5 f5 19. Nf6+ Kg7 20. Rxf5 Rh8 21. Rxg5+ Kf8 22. Qh7 Qxf6 23. Rg8+ Rxg8 24. exf6 1-0


[Site "https://www.chess.com"]

[Event "Titled Tuesday Blitz August 16 Early 2022"]
[White "Salman, Pavel"]
[Black "Barrientos, Sergio E"]
[WhiteFideId "24153753"]
[BlackFideId "4401824"]
[WhiteElo "2143"]
[BlackElo "2397"]
[Result "0-1"]
[Round "02"]
[TimeControl "180+2"]
[Date "2022.08.18"]
[WhiteClock "0:00:00"]
[BlackClock "0:00:00"]

1. Nf3 Nf6 2. g3 g6 3. Bg2 Bg7 4. O-O O-O 5. d3 d5 6. Nbd2 Nc6 7. e4 e5 8. exd5 Nxd5 9. a4 h6 10. Nc4 Re8 11. Re1 a6 12. h3 Rb8 13. Kh2 Bf5 14. Ne3 Be6 15. c3 Qd7 16. Nc4 Bf5 17. Ne3 Nxe3 18. Rxe3 Rbd8 19. Ne1 e4 20. d4 h5 21. Nc2 Ne5 22. Bxe4 Ng4+ 23. hxg4 Bxe4 24. f3 Bxc2 25. Qxc2 hxg4 26. f4 Bf6 27. Bd2 Rxe3 28. Bxe3 Kg7 29. Qg2 Rh8+ 30. Kg1 c6 31. Kf2 Qe6 32. Rh1 Re8 33. Re1 Qb3 34. Re2 Qxa4 35. Bc1 Rxe2+ 36. Kxe2 Qc2+ 37. Bd2 Qxb2 38. Qe4 Qb5+ 39. Kf2 a5 40. Qc2 a4 41. Bc1 Qc4 42. Ba3 Bxd4+ 43. Ke1 Qxc3+ 44. Qxc3 Bxc3+ 45. Ke2 b5 46. Kd3 b4 47. Bc1 a3 0-1


[Site "https://www.chess.com"]

[Event "Titled Tuesday Blitz August 16 Early 2022"]
[White "Samadov, Read"]
[Black "Levitskiy, Andrey"]
[WhiteFideId "13417444"]
[BlackFideId "14132885"]
[WhiteElo "2084"]
[BlackElo "2293"]
[Result "1/2-1/2"]
[Round "02"]
[TimeControl "180+1"]
[Date "2022.08.16"]
[WhiteClock "0:00:08"]
[BlackClock "0:00:11"]

1. d4 Nf6 2. c4 e6 3. Nf3 Bb4+ 4. Nc3 d6 5. Bd2 O-O 6. a3 Bxc3 7. Bxc3 Ne4 8. Rc1 b6 9. e3 Bb7 10. Be2 Nd7 11. O-O Nxc3 12. Rxc3 a5 13. Qc2 Qe7 14. Bd3 f5 15. e4 e5 16. dxe5 dxe5 17. Qe2 f4 18. Bc2 a4 19. Rd1 Nc5 20. h3 Bc6 21. Bb1 Rad8 22. Rcc1 Nb3 23. Rxd8 Rxd8 24. Rd1 Rxd1+ 25. Qxd1 Nc5 26. Qe1 Qd6 27. Bc2 Ne6 28. Qc3 Nd4 29. Nxd4 Qxd4 30. Qb4 Bxe4 31. Qxa4 h6 32. Qb3 Bxc2 33. Qxc2 c5 34. Kf1 e4 35. Ke2 g5 36. f3 Qe3+ 37. Kf1 exf3 38. Qg6+ Kf8 39. Qxh6+ Ke8 40. Qc6+ Kf8 41. Qxf3 Qc1+ 42. Kf2 Qxb2+ 43. Kg1 Qd4+ 44. Kh2 Qxc4 45. Qa8+ Kg7 46. Qb7+ Qf7 47. Qxb6 Qe7 48. a4 f3 49. gxf3 Qe2+ 50. Kg3 Qe5+ 51. Kf2 Qd4+ 52. Ke2 Qc4+ 53. Kd2 Qd4+ 54. Ke1 Qe3+ 55. Kd1 Qxf3+ 56. Kc2 Qe4+ 57. Kc1 Qe3+ 58. Kc2 Qe4+ 59. Kd2 Qd4+ 60. Ke2 Qe4+ 61. Kf2 Qf4+ 62. Kg2 Qe4+ 63. Kf2 Qf4+ 64. Ke2 Qe4+ 65. Kf2 1/2-1/2


[Site "https://www.chess.com"]

[Event "Titled Tuesday Blitz August 16 Early 2022"]
[White "Samunenkov, Ihor"]
[Black "Janaszak, Dawid"]
[WhiteFideId "14187086"]
[BlackFideId "1119206"]
[WhiteElo "2441"]
[BlackElo "2165"]
[Result "0-1"]
[Round "02"]
[TimeControl "180+2"]
[Date "2022.08.18"]
[WhiteClock "0:00:00"]
[BlackClock "0:00:00"]

1. e4 c5 2. Nf3 Nc6 3. d4 cxd4 4. Nxd4 Qb6 5. Nb3 Nf6 6. Nc3 e6 7. Be3 Qc7 8. a3 a6 9. g4 d6 10. f4 h5 11. g5 Nd7 12. h4 b5 13. Qe2 Bb7 14. O-O-O g6 15. f5 Nde5 16. Bh3 Bc8 17. Rhf1 b4 18. axb4 Nxb4 19. fxe6 fxe6 20. Nd4 Ng4 21. Bxg4 hxg4 22. e5 dxe5 23. Ne4 Be7 24. Nb3 Bb7 25. Bc5 Nd5 26. Qxg4 O-O-O 27. Qxe6+ Kb8 28. Qxg6 Bxc5 29. Nbxc5 Ne3 30. Rxd8+ Rxd8 31. Re1 Qa5 32. Nd3 Rxd3 33. Qe8+ Ka7 34. Kb1 Qxe1+ 0-1


[Site "https://www.chess.com"]

[Event "Titled Tuesday Blitz August 16 Early 2022"]
[White "Sanchez, Robert"]
[Black "Lehtosaari, Mauri"]
[WhiteFideId "2034360"]
[BlackFideId "501999"]
[WhiteElo "1966"]
[BlackElo "2200"]
[Result "0-1"]
[Round "02"]
[TimeControl "180+2"]
[Date "2022.08.18"]
[WhiteClock "0:00:00"]
[BlackClock "0:00:00"]

1. Nf3 d5 2. e3 Nf6 3. c4 c6 4. b3 a6 5. Bb2 Bg4 6. Be2 e6 7. O-O Nbd7 8. d3 Bd6 9. h3 Bh5 10. Nc3 O-O 11. Rc1 b5 12. cxd5 cxd5 13. a3 Qb6 14. Na2 Rac8 15. Qd2 Rfd8 16. b4 Qa7 17. Bd4 Qb8 18. Bb2 e5 19. Nh4 Bxe2 20. Qxe2 g6 21. g3 Rxc1 22. Nxc1 Qa7 23. Nb3 Rc8 24. Qd2 Rc6 25. Na5 Rc7 26. Rc1 Qb8 27. f4 Rxc1+ 28. Qxc1 Qc7 29. Qd2 Nh5 30. Kg2 Ng7 31. Nf3 Ne6 32. Bc3 f6 33. Qb2 Kf7 34. Nb3 Qc6 35. Na5 Qa8 36. Qb3 d4 37. exd4 exd4 38. Bd2 Ke7 39. Qd1 Qd5 40. Qe2 Kf7 41. Qe4 Qxe4 42. dxe4 Nb6 43. Nc6 Nc4 44. Bc1 d3 45. Nd2 Nc7 46. Nxc4 bxc4 47. Bd2 Nb5 48. a4 c3 49. Bxc3 Nxc3 50. Kf3 Nxa4 51. Ke3 Nb2 52. Kd2 Ke8 53. h4 Kd7 54. Nd4 Bxb4+ 0-1


[Site "https://www.chess.com"]

[Event "Titled Tuesday Blitz August 16 Early 2022"]
[White "Sarana, Alexey"]
[Black "Koniahli, Malek."]
[WhiteFideId "24133795"]
[BlackFideId "7603495"]
[WhiteElo "2666"]
[BlackElo "2097"]
[Result "1-0"]
[Round "02"]
[TimeControl "180+1"]
[Date "2022.08.16"]
[WhiteClock "0:00:12"]
[BlackClock "0:00:02"]

1. c4 Nf6 2. Nc3 c6 3. Nf3 d5 4. d4 a6 5. e3 Bf5 6. Ne5 Nbd7 7. Qb3 Qc7 8. cxd5 Nxe5 9. dxe5 Nxd5 10. Nxd5 cxd5 11. Bd2 e6 12. Rc1 Qd7 13. Be2 Be7 14. Ba5 Bd8 15. Bb4 f6 16. exf6 Bxf6 17. O-O Kf7 18. Bc3 Rac8 19. Bh5+ Bg6 20. Bf3 Rc6 21. Bxf6 gxf6 22. h4 Rhc8 23. Rxc6 Qxc6 24. h5 Bc2 25. Qb4 Bf5 26. Rd1 b5 27. g4 Be4 28. Bxe4 dxe4 29. Rd4 Qc5 30. Rd7+ Kg8 31. Qxe4 Qc1+ 32. Kh2 Qc2 33. Qxe6+ 1-0


[Site "https://www.chess.com"]

[Event "Titled Tuesday Blitz August 16 Early 2022"]
[White "Sawyer, Bradley"]
[Black "Borgaonkar Akshay"]
[WhiteFideId "2023784"]
[BlackFideId "25639110"]
[WhiteElo "2172"]
[BlackElo "1755"]
[Result "0-1"]
[Round "02"]
[TimeControl "180+2"]
[Date "2022.08.18"]
[WhiteClock "0:00:00"]
[BlackClock "0:00:00"]

1. c4 Nf6 2. g3 g6 3. Bg2 Bg7 4. Nc3 O-O 5. e4 d6 6. Nge2 c5 7. O-O Nc6 8. d3 e5 9. h3 Nd4 10. Rb1 Ne8 11. b4 f5 12. bxc5 dxc5 13. exf5 gxf5 14. Nxd4 cxd4 15. Nd5 Nf6 16. Nxf6+ Qxf6 17. Bxb7 Bxb7 18. Rxb7 e4 19. Bf4 Rae8 20. Qd2 Qc6 21. Rfb1 e3 22. fxe3 dxe3 23. Bxe3 Qf3 24. Rxg7+ Kxg7 25. Bf2 f4 0-1


[Site "https://www.chess.com"]

[Event "Titled Tuesday Blitz August 16 Early 2022"]
[White "Schekachikhin, Maksim"]
[Black "Rangel, Daniel"]
[WhiteFideId "24177830"]
[BlackFideId "2124475"]
[WhiteElo "2239"]
[BlackElo "2225"]
[Result "1-0"]
[Round "02"]
[TimeControl "180+2"]
[Date "2022.08.18"]
[WhiteClock "0:00:00"]
[BlackClock "0:00:00"]

1. d4 Nf6 2. c4 g6 3. Nc3 c5 4. d5 d6 5. e4 e5 6. Bd3 Bg7 7. h3 O-O 8. g4 Ne8 9. Nge2 f5 10. gxf5 gxf5 11. exf5 Bxf5 12. Ng3 Bxd3 13. Qxd3 Qf6 14. Be3 Qg6 15. Nce4 Nd7 16. O-O-O Ndf6 17. Rhg1 Kh8 18. f3 Nh5 19. Nxh5 Qxh5 20. Ng5 b5 21. cxb5 c4 22. Qc2 Bf6 23. Ne6 Rf7 24. Rg4 Qxh3 25. Rdg1 Ng7 26. R4g3 Qh5 27. Qe4 Nf5 28. Rg4 Nxe3 29. Qxe3 Rc8 30. Kb1 Qf5+ 31. Ka1 c3 32. Qxc3 Re8 33. Qe3 h5 34. Rg6 Rh7 35. Qe4 Qxe4 36. fxe4 Bd8 37. Ng7 Rg8 38. Nf5 Rxg6 39. Rxg6 h4 40. Rxd6 Bg5 41. Rg6 Rh5 42. a4 h3 43. Ng3 h2 44. Ka2 Bf4 45. Nh1 Rh3 46. a5 Re3 47. b6 axb6 48. axb6 Re1 49. b7 Kh7 50. Rg4 Rxh1 51. b8=Q Ra1+ 52. Kxa1 h1=Q+ 53. Ka2 Qxe4 54. Qg8+ Kh6 55. Rh4# 1-0


[Site "https://www.chess.com"]

[Event "Titled Tuesday Blitz August 16 Early 2022"]
[White "Schmakel, Sam"]
[Black "Kakabayev, Mergen"]
[WhiteFideId "2039311"]
[BlackFideId "14002990"]
[WhiteElo "2356"]
[BlackElo "2302"]
[Result "1-0"]
[Round "02"]
[TimeControl "180+2"]
[Date "2022.08.18"]
[WhiteClock "0:00:00"]
[BlackClock "0:00:00"]

1. d4 d5 2. c4 c6 3. Nf3 Nf6 4. Nc3 e6 5. Bg5 dxc4 6. e4 b5 7. e5 h6 8. Bh4 g5 9. Bg3 Nd5 10. Be2 Nd7 11. O-O Bb7 12. a4 a6 13. Qd2 c5 14. axb5 Nxc3 15. bxc3 axb5 16. Rab1 Bc6 17. Qc2 Rb8 18. Rfd1 Qc8 19. Nd2 Be7 20. Ne4 cxd4 21. cxd4 Nb6 22. Nd6+ Bxd6 23. exd6 Kd7 24. Be5 Rg8 25. Qh7 Qf8 26. Bh5 Ke8 27. d5 Bxd5 28. d7+ Nxd7 29. Bxb8 Nxb8 30. Rxb5 Nd7 31. Rdb1 Ke7 32. Qc2 Qa8 33. g3 Ne5 34. Qc3 f6 35. Ra1 Qc6 36. Ra7+ Nd7 37. Rbb7 Rd8 38. Bd1 Qd6 39. Rc7 e5 40. Bg4 Be6 41. Bxe6 Qxe6 42. Rxc4 Rb8 43. Rcc7 Rb1+ 44. Kg2 Qd5+ 45. Kh3 Qe6+ 46. g4 Rd1 47. Qc2 Rd4 48. Qh7+ Kd8 49. Qh8+ Ke7 50. Qg7+ Kd8 51. Rxd7+ Rxd7 52. Qf8+ 1-0


[Site "https://www.chess.com"]

[Event "Titled Tuesday Blitz August 16 Early 2022"]
[White "Schut, Han"]
[Black "Manukyan, Sargis V."]
[WhiteFideId "1005561"]
[BlackFideId "13303465"]
[WhiteElo "2024"]
[BlackElo "2221"]
[Result "1-0"]
[Round "02"]
[TimeControl "180+2"]
[Date "2022.08.18"]
[WhiteClock "0:00:00"]
[BlackClock "0:00:00"]

1. e4 e6 2. d4 d5 3. e5 c5 4. c3 Nc6 5. Nf3 Nh6 6. Bd3 cxd4 7. cxd4 Nf5 8. Bxf5 exf5 9. Nc3 Be6 10. h4 h6 11. h5 Be7 12. Ne2 Rc8 13. Kf1 Qb6 14. Rb1 Qa6 15. a3 Na5 16. Kg1 O-O 17. Nf4 Rc7 18. Rh3 Rfc8 19. Bd2 Nc4 20. Rg3 Nxd2 21. Qxd2 Rc2 22. Qe3 Kh7 23. Qb3 Rc1+ 24. Rxc1 Rxc1+ 25. Kh2 Qf1 26. Rh3 Qxf2 27. Nxe6 fxe6 28. Qxb7 Bg5 29. Nxg5+ hxg5 30. Qf7 Qf4+ 31. Rg3 Qh4+ 32. Rh3 Qf4+ 33. Rg3 Rc8 34. Qg6+ Kh8 35. Qxg5 Qxg5 36. Rxg5 Kh7 37. Rg6 Rc6 38. b4 a6 39. a4 Kg8 40. h6 Kh7 41. hxg7 Kg8 42. b5 Rb6 43. bxa6 Rxa6 44. a5 Rc6 45. Kg3 Ra6 46. Kf4 Rxa5 47. Rxe6 Kxg7 48. Kxf5 Ra2 49. g4 Rf2+ 50. Kg5 Kf7 51. Rd6 Rd2 52. Rxd5 Ke7 53. Rd6 Rf2 54. Kg6 Rf8 55. g5 Rg8+ 56. Kf5 Rf8+ 57. Rf6 Rg8 58. d5 Rh8 59. d6+ Kd7 60. Rf7+ Kc6 61. g6 Rh1 62. g7 Rf1+ 63. Ke6 Rg1 64. Ke7 Kb7 65. Kf8+ Kc6 66. g8=Q Rd1 67. Qg6 Kd5 68. d7 Rd4 69. d8=Q+ Kc4 70. Qxd4+ Kb5 71. Qgb6# 1-0


[Site "https://www.chess.com"]

[Event "Titled Tuesday Blitz August 16 Early 2022"]
[White "Seliverstov, Vladimir"]
[Black "Matveev, Vladimir"]
[WhiteFideId "4192036"]
[BlackFideId "24130753"]
[WhiteElo "2489"]
[BlackElo "2307"]
[Result "1-0"]
[Round "02"]
[TimeControl "180+1"]
[Date "2022.08.16"]
[WhiteClock "0:00:18"]
[BlackClock "0:00:08"]

1. d4 Nf6 2. c4 g6 3. Nc3 Bg7 4. e4 O-O 5. f3 d6 6. Nge2 Nc6 7. Be3 Rb8 8. Qd2 a6 9. Ng3 e5 10. d5 Nd4 11. Nge2 Nxe2 12. Bxe2 Nh5 13. O-O f5 14. exf5 gxf5 15. Bg5 Qe8 16. Bh6 Qg6 17. Bxg7 Nf4 18. g3 Kxg7 19. Kh1 Nh3 20. f4 Kh8 21. Qe3 Re8 22. Rae1 Bd7 23. Bd1 c5 24. fxe5 Rxe5 25. Qd2 Rbe8 26. Rxe5 Rxe5 27. Bf3 b5 28. b3 b4 29. Ne2 a5 30. Bg2 Ng5 31. Nf4 Qf6 32. a3 Be8 33. axb4 axb4 34. Qa2 Bg6 35. Qa7 Re7 36. Qb6 Qe5 37. Nd3 Qe3 38. Qxd6 Ne4 39. Bxe4 Qxe4+ 40. Kg1 Qd4+ 41. Nf2 Re2 42. Qf8# 1-0


[Site "https://www.chess.com"]

[Event "Titled Tuesday Blitz August 16 Early 2022"]
[White "Shapiro, Daniel"]
[Black "Ianov, Viktor"]
[WhiteFideId "2001780"]
[BlackFideId "14102730"]
[WhiteElo "2284"]
[BlackElo "2152"]
[Result "1/2-1/2"]
[Round "02"]
[TimeControl "180+2"]
[Date "2022.08.18"]
[WhiteClock "0:00:00"]
[BlackClock "0:00:00"]

1. d4 d6 2. e4 Nf6 3. Nc3 c6 4. a4 Qa5 5. Bd2 e5 6. Nge2 Qc7 7. h3 Be7 8. g4 O-O 9. Bg2 a5 10. O-O Na6 11. f4 Nb4 12. Be3 Re8 13. Ng3 exf4 14. Bxf4 Be6 15. Nf5 Rad8 16. Nxe7+ Rxe7 17. Bg5 Bc4 18. Rxf6 gxf6 19. Bxf6 Re6 20. g5 Rde8 21. Qh5 Rxf6 22. gxf6 Kh8 23. b3 Be6 24. Rf1 Rg8 25. Rf4 Rg6 26. Kh1 Nxc2 27. d5 cxd5 28. exd5 Qxc3 29. dxe6 Qe1+ 30. Rf1 Qxe6 31. Qh4 Ne3 32. Re1 Rxg2 33. Rxe3 Qxe3 34. Kxg2 h6 35. Qc4 Qg5+ 36. Kh2 Qxf6 37. Qc8+ Kg7 38. Qxb7 Qe5+ 39. Kg2 d5 40. Qb5 Qe4+ 41. Kg3 d4 42. Qxa5 d3 43. Qd2 Qe5+ 44. Kf3 Qd4 45. a5 f5 46. a6 Qe4+ 47. Kf2 Qd4+ 48. Kf3 Qe4+ 49. Kf2 Qd4+ 50. Kf3 1/2-1/2


[Site "https://www.chess.com"]

[Event "Titled Tuesday Blitz August 16 Early 2022"]
[White "Sharapov, Evgeny"]
[Black "Matveeva, Olga"]
[WhiteFideId "14103133"]
[BlackFideId "24107018"]
[WhiteElo "2367"]
[BlackElo "2052"]
[Result "1-0"]
[Round "02"]
[TimeControl "180+2"]
[Date "2022.08.18"]
[WhiteClock "0:00:00"]
[BlackClock "0:00:00"]

1. e4 e6 2. d4 d5 3. Nc3 Nf6 4. Bg5 Bb4 5. e5 h6 6. Bd2 Bxc3 7. bxc3 Ne4 8. Bc1 c5 9. Qg4 g6 10. Bd3 cxd4 11. cxd4 Qa5+ 12. Kf1 Bd7 13. Ne2 Bb5 14. f3 Bxd3 15. cxd3 Nd2+ 16. Kf2 Nc6 17. Bxd2 Qxd2 18. Rhd1 Qg5 19. Qxg5 hxg5 20. h3 Kd7 21. Rab1 b6 22. Ke3 Rac8 23. Rdc1 Na5 24. Nc3 Nc6 25. Nb5 Rh4 26. Rc2 a6 27. Nd6 Rc7 28. Rbc1 f6 29. Nf7 f5 30. Nxg5 Rc8 31. Nxe6 Kxe6 32. Rxc6+ Rxc6 33. Rxc6+ Kd7 34. Rxb6 1-0


[Site "https://www.chess.com"]

[Event "Titled Tuesday Blitz August 16 Early 2022"]
[White "Shashikant, Kutwal"]
[Black "Sultana, Sharmin Shirin"]
[WhiteFideId "5006520"]
[BlackFideId "10204482"]
[WhiteElo "2321"]
[BlackElo "1987"]
[Result "1-0"]
[Round "02"]
[TimeControl "180+2"]
[Date "2022.08.18"]
[WhiteClock "0:00:00"]
[BlackClock "0:00:00"]

1. e4 e5 2. Nf3 Nc6 3. Bc4 Nf6 4. d4 Nxe4 5. dxe5 d5 6. Bxd5 Bf5 7. O-O Be7 8. Bxc6+ bxc6 9. Nd4 Qd7 10. Re1 Ng5 11. Bxg5 Bxg5 12. e6 1-0


[Site "https://www.chess.com"]

[Event "Titled Tuesday Blitz August 16 Early 2022"]
[White "Shimanov, Aleksandr"]
[Black "Tologon tegin, Semetei"]
[WhiteFideId "4198603"]
[BlackFideId "13800574"]
[WhiteElo "2605"]
[BlackElo "2174"]
[Result "0-1"]
[Round "02"]
[TimeControl "180+1"]
[Date "2022.08.16"]
[WhiteClock "0:00:01"]
[BlackClock "0:00:04"]

1. e4 e5 2. Nf3 Nc6 3. Nc3 Nf6 4. h3 a6 5. d4 exd4 6. Nxd4 Bb4 7. Nxc6 bxc6 8. Bd3 O-O 9. O-O d5 10. e5 Nd7 11. f4 Nc5 12. Ne2 f6 13. Nd4 Nxd3 14. Qxd3 Bc5 15. Be3 Qe8 16. Qc3 Bb6 17. Nb3 Bf5 18. Rae1 fxe5 19. Bxb6 cxb6 20. Rxe5 Qg6 21. Nd4 Be4 22. Rg5 Qf6 23. Nxc6 Qxc3 24. bxc3 Kh8 25. Nb4 h6 26. Re5 Rac8 27. Nxa6 Rxc3 28. Nb4 Rc4 29. a3 Bxc2 30. Nxd5 Bb3 31. Rf3 Ba2 32. Kh2 Rd4 33. Nb4 Bb1 34. Kg3 Be4 35. Re3 Bb7 36. f5 Rd2 37. Re2 Rxe2 38. Rxe2 Rxf5 39. Re7 Rg5+ 40. Kf4 Bxg2 41. h4 Ra5 42. Nd3 Rxa3 43. Ne5 Ra4+ 44. Kf5 Be4+ 45. Ke6 Kh7 46. Nd7 Bb1 47. Kd6 Rd4+ 48. Kc7 Rxh4 49. Nf8+ Kg8 50. Ne6 Rg4 51. Kd6 h5 52. Re8+ Kh7 53. Nf8+ Kh6 54. Re6+ g6 55. Re1 Bf5 56. Ke5 h4 57. Kf6 h3 58. Re7 g5 59. Rg7 Rf4 60. Rg8 h2 0-1


[Site "https://www.chess.com"]

[Event "Titled Tuesday Blitz August 16 Early 2022"]
[White "Shohat, Yotam"]
[Black "Harsh Suresh"]
[WhiteFideId "2813955"]
[BlackFideId "45018464"]
[WhiteElo "2119"]
[BlackElo "2070"]
[Result "1-0"]
[Round "02"]
[TimeControl "180+2"]
[Date "2022.08.18"]
[WhiteClock "0:00:00"]
[BlackClock "0:00:00"]

1. e4 c6 2. Nc3 d5 3. Nf3 Bg4 4. d4 dxe4 5. Nxe4 Nf6 6. Bd3 Bxf3 7. Qxf3 Qxd4 8. Be3 Qd5 9. Nxf6+ gxf6 10. Be4 Qa5+ 11. Bd2 Qb6 12. O-O-O Nd7 13. Be3 Qa5 14. Bxc6 bxc6 15. Qxc6 Rd8 16. Rd5 Qxa2 17. Rhd1 Bg7 18. Rxd7 O-O 19. Rxa7 Rxd1+ 20. Kxd1 Qxb2 21. Rxe7 f5 22. Ke2 Qb8 23. g3 Rc8 24. Qd7 Rxc2+ 25. Kf1 Bf8 26. Rxf7 Qa8 27. Qb7 Qd8 28. Kg2 Rc4 29. Rxh7 Rg4 30. Qf7# 1-0


[Site "https://www.chess.com"]

[Event "Titled Tuesday Blitz August 16 Early 2022"]
[White "Shuvalova, Polina"]
[Black "Bortnyk, Olexandr"]
[WhiteFideId "24171760"]
[BlackFideId "14120828"]
[WhiteElo "2330"]
[BlackElo "2723"]
[Result "0-1"]
[Round "02"]
[TimeControl "180+1"]
[Date "2022.08.16"]
[WhiteClock "0:00:41"]
[BlackClock "0:01:26"]

1. e4 Nf6 2. e5 Nd5 3. d4 d6 4. exd6 exd6 5. Nf3 Be7 6. Bd3 O-O 7. c4 Nb4 8. Be2 Bf5 9. Na3 Bf6 10. O-O a5 11. Be3 Re8 12. Qd2 h6 13. Rfe1 N8c6 14. h3 Qd7 15. Bf1 Re7 16. b3 b6 17. Rac1 a4 18. d5 axb3 19. dxc6 Nxc6 20. Nb5 Rxa2 21. Qd1 b2 22. Rb1 Bxb1 23. Qxb1 Ra1 24. Qc2 Nb4 25. Qb3 Qf5 26. Qxb4 Rxe1 0-1


[Site "https://www.chess.com"]

[Event "Titled Tuesday Blitz August 16 Early 2022"]
[White "Sirosh, Ilja"]
[Black "Jain, Naveen"]
[WhiteFideId "4500458"]
[BlackFideId "5003970"]
[WhiteElo "2255"]
[BlackElo "2036"]
[Result "1/2-1/2"]
[Round "02"]
[TimeControl "180+2"]
[Date "2022.08.18"]
[WhiteClock "0:00:00"]
[BlackClock "0:00:00"]

1. e4 Nf6 2. e5 Nd5 3. d4 d6 4. Nf3 dxe5 5. Nxe5 c6 6. Be2 Bf5 7. O-O Nd7 8. Nf3 h6 9. a3 e6 10. c4 Nc7 11. Nc3 Be7 12. Bd3 Bxd3 13. Qxd3 O-O 14. Re1 Bf6 15. Bf4 c5 16. d5 exd5 17. cxd5 Nb6 18. Bxc7 Qxc7 19. Rad1 Qd7 20. Ne4 Bxb2 21. Nxc5 Qc7 22. Ne4 Rad8 23. d6 Qc6 24. Re2 Rfe8 25. Rxb2 Qxe4 26. Qxe4 Rxe4 27. Rb4 Rxb4 28. axb4 f6 29. h4 Nc4 30. Rc1 Nxd6 31. Rc7 a6 32. h5 b6 33. g4 a5 34. bxa5 bxa5 35. Ra7 Nc4 36. Nh4 Ne5 37. Nf5 Rd7 38. Ra8+ Kf7 39. f3 Nxf3+ 40. Kf2 Ne5 41. Kg3 Rd3+ 42. Kf4 Rd7 43. Rxa5 Nd3+ 44. Ke4 Ne5 45. Kf4 Nd3+ 46. Kg3 Ne5 47. Nh4 Rc7 48. Ra3 Rc4 49. Nf5 Rxg4+ 50. Kh3 Rg5 51. Ra7+ Ke6 52. Nxg7+ Kd5 53. Ra5+ Ke4 54. Ne6 Rxh5+ 55. Kg3 Rf5 56. Ng7 Rg5+ 57. Kh4 Rxg7 58. Kh5 Kf5 59. Kxh6 Rg5 60. Ra8 Nf7+ 61. Kh7 Rh5+ 62. Kg7 Ne5 63. Ra6 Rg5+ 64. Kf8 Rh5 65. Kg7 Rh3 66. Rxf6+ Ke4 67. Ra6 Rg3+ 68. Kf6 Rf3+ 69. Ke6 Rd3 70. Ra4+ Rd4 71. Ra1 Rd3 72. Re1+ Re3 73. Rb1 Kd3 74. Rb3+ Ke2 75. Rb2+ Kf3 76. Kd5 Nd3 77. Rb8 Nf4+ 78. Kd4 Re4+ 79. Kc3 Re3+ 80. Kd2 Re4 81. Rb3+ Kg4 82. Rb8 Re2+ 83. Kc3 Re3+ 84. Kd4 Kf3 85. Rh8 Rd3+ 86. Kc4 Re3 87. Kd4 Rd3+ 88. Ke5 Rd5+ 89. Kf6 Ke4 90. Re8+ Kf3 91. Ra8 Rc5 92. Ra3+ Ke4 93. Ra4+ Ke3 94. Ra3+ Nd3 95. Ra8 Rc6+ 96. Kf5 Rc5+ 97. Kf6 Rc6+ 98. Kf5 Rc5+ 99. Kf6 1/2-1/2


[Site "https://www.chess.com"]

[Event "Titled Tuesday Blitz August 16 Early 2022"]
[White "Sivakumar, Shaaketh"]
[Black "Kiseljova, Marya"]
[WhiteFideId "30940176"]
[BlackFideId "4155009"]
[WhiteElo "1799"]
[BlackElo "1697"]
[Result "1-0"]
[Round "02"]
[TimeControl "180+2"]
[Date "2022.08.18"]
[WhiteClock "0:00:00"]
[BlackClock "0:00:00"]

1. e4 c5 2. Nf3 Nc6 3. Bb5 g6 4. c3 Bg7 5. d4 cxd4 6. cxd4 a6 7. Ba4 Nf6 8. Nc3 O-O 9. e5 Ne8 10. h4 b5 11. Bb3 h5 12. Qd3 Nb4 13. Qxg6 d5 14. Qxh5 Nd3+ 15. Ke2 Nxc1+ 16. Raxc1 Qd7 17. Bxd5 Rb8 18. Ng5 Qg4+ 19. Qxg4 Bxg4+ 20. f3 Bd7 21. Nce4 e6 22. Bc6 Bxc6 23. Rxc6 Rd8 24. Ke3 Bh6 25. f4 Kg7 26. Rh3 Kg6 27. g4 f5 28. Rxe6+ Kg7 29. gxf5 Rxf5 30. h5 Kh8 31. Rxh6+ Kg8 32. Rg6+ Ng7 33. Ne6 Rd7 34. Rhg3 Rxh5 35. Nf6+ Kh8 36. Nxd7 Nf5+ 37. Ke4 Nxg3+ 38. Rxg3 Rh6 39. Nf6 Rh1 40. Rg8# 1-0


[Site "https://www.chess.com"]

[Event "Titled Tuesday Blitz August 16 Early 2022"]
[White "So, Wesley"]
[Black "Taichman, Ori"]
[WhiteFideId "5202213"]
[BlackFideId "2804069"]
[WhiteElo "2763"]
[BlackElo "2227"]
[Result "1-0"]
[Round "02"]
[TimeControl "180+1"]
[Date "2022.08.16"]
[WhiteClock "0:01:10"]
[BlackClock "0:00:51"]

1. d4 Nf6 2. Nf3 g6 3. Nbd2 d5 4. e3 Bg7 5. b4 O-O 6. Be2 a5 7. b5 c5 8. bxc6 bxc6 9. O-O Ba6 10. Ba3 Re8 11. Rb1 Nbd7 12. Bxa6 Rxa6 13. c4 e5 14. dxe5 Nxe5 15. Nxe5 Rxe5 16. Nf3 Re4 17. cxd5 Nxd5 18. Qd3 Ra4 19. Qxa6 Rxa3 20. Qxc6 Nb4 21. Qc4 Nxa2 22. Rfd1 Qe7 23. Rb8+ Bf8 24. h4 Kg7 25. Rdd8 Qc5 26. Qxc5 Bxc5 27. Ng5 h6 28. Rg8+ Kf6 29. Ne4+ Kf5 30. Nxc5 Rc3 31. Rb5 Rc1+ 32. Kh2 Nc3 33. Rxa5 1-0


[Site "https://www.chess.com"]